[Event "Early-Titled-Tuesday-Blitz-February-27-2024"]
[Site "Chess.com"]
[Date "2024.02.27"]
[Round "9"]
[White "GMAkobianSTL"]
[Black "DenLaz"]
[Result "0-1"]
[WhiteElo "2823"]
[BlackElo "3025"]
[TimeControl "180+1"]
[EndTime "9:46:00 PST"]
[Termination "DenLaz won by resignation"]

1. d4 Nf6 2. c4 e6 3. Nf3 b6 4. a3 Bb7 5. Nc3 d5 6. Bg5 Be7 7. Qa4+ c6 8. cxd5 exd5 9. e3 O-O 10. Bd3 Nbd7 11. O-O Re8 12. Rfd1 h6 13. Bh4 Ne4 14. Bxe7 Qxe7 15. Qc2 Nd6 16. b4 Rac8 17. Qb3 Nf6 18. Rac1 b5 19. a4 a6 20. a5 Rc7 21. Re1 Bc8 22.
Bb1 Bf5 23. Bxf5 Nxf5 24. Ne5 Nd6 25. Nd3 Nd7 26. Ne2 Nc4 27. Qc3 Qd8 28. Rc2 Nf6 29.
Nc5 Qc8 30. Nc1 Rce7 31. Rce2 h5 32. h3 Ne4 33. Nxe4 dxe4 34. Rc2 h4 35. Ne2 Re6 36. Qb3 g5 37. Rec1 Rg6 38. Rxc4 bxc4 39. Rxc4 g4 40. Nf4 Rg5 41. Kf1 gxh3 42. gxh3 Qd7 43. Rc5 Rxc5 44.
bxc5 Qc8 45. Qb6 Re7 46. d5 Rb7 47. Qxc6 Qxc6 48. dxc6 Rb1+ 49. Ke2 Rc1 50. Nd5 Rxc5 51. Nb4 Kf8 52. Nxa6 Rxc6 53. Nb4 Rc4 54. Nd5 Ra4 55.
Nc3 Rc4 56. Kd2 f5 57. Nb5 Rc5 58. Nd6 Rxa5 59. Kc3 Ke7 60. Nc4 Ra2 61. Kd4 Ke6 62. Kc3 Rxf2 63. Kd4 Rf3 64. Nd2 Rxh3 65. Nb3 Rh1 66.
Nc5+ Kf6 67. Kd5 Rd1+ 68. Kc4 h3 0-1

[Event "Early-Titled-Tuesday-Blitz-February-27-2024"]
[Site "Chess.com"]
[Date "2024.02.27"]
[Round "9"]
[White "martinmena"]
[Black "IMRosen"]
[Result "0-1"]
[WhiteElo "2257"]
[BlackElo "2671"]
[TimeControl "180+1"]
[EndTime "9:46:00 PST"]
[Termination "IMRosen won by resignation"]

1. c4 e5 2. g3 Nc6 3. Bg2 f5 4. Nc3 Nf6 5. d3 Bb4 6. e3 Bxc3+ 7. bxc3 d6 8. Ne2 O-O 9. O-O Qe8 10. d4 Rb8 11.
Ba3 e4 12. Nf4 Ne7 13. c5 d5 14. c6 bxc6 15. Qa4 g5 16. Ne2 Bd7 17. Bc5 Rb2 18. Qa3 Rxe2 19. Bxe7 Rf7 20. Bxf6 Rxf6 21. Rfe1 Rxe1+ 22.
Rxe1 f4 23. Qxa7 Qd8 24. Rb1 Rf8 25. Rb7 fxe3 26. fxe3 Qf6 27. Rb2 Qd6 28. Rb8 h5 29. Rxf8+ Kxf8 30. Qc5 h4 31. gxh4 gxh4 32. a4 Qxc5 33.
dxc5 Ke8 34. a5 Kd8 35. Bf1 Kc8 36. c4 Kb7 37. Be2 Be6 38. cxd5 cxd5 39. Kg2 Bc8 40. h3 Kc6 41. a6 Kxc5 42. a7 Bb7 43. Ba6 Ba8 44. Bc8 Kb6 45. Be6 Kxa7 46. Kf2 Kb6 47. Ke2 Kc5 48. Kd2 Kd6 49. Bg4 c5 50. Kc3 Bc6 51.
Be2 Bd7 52. Bf1 Ke5 53. Kd2 Be6 54. Ke2 d4 55. exd4+ cxd4 56. Kd2 Bf5 57. Bg2 Kf4 58. Bf1 Kg3 59. Ke2 Bxh3 0-1

[Event "Early-Titled-Tuesday-Blitz-February-27-2024"]
[Site "Chess.com"]
[Date "2024.02.27"]
[Round "9"]
[White "edgarhay012"]
[Black "shimastream"]
[Result "0-1"]
[WhiteElo "2642"]
[BlackElo "2945"]
[TimeControl "180+1"]
[EndTime "9:46:05 PST"]
[Termination "shimastream won by checkmate"]

1. e4 c5 2. Nc3 g6 3. d4 cxd4 4. Qxd4 Nf6 5. Be3 Nc6 6. Qd2 d6 7. f3 h5 8. h4 Bg7 9. Nh3 Bxh3 10. Rxh3 Rc8 11. O-O-O a6 12. Kb1 Ne5 13. Be2 b5 14.
Bd4 O-O 15. g4 hxg4 16. fxg4 b4 17. Nd5 e6 18. Bb6 Qd7 19. Nxf6+ Bxf6 20. h5 Qc6 21. Bd4 g5 22. Rf1 Be7 23. Bd3 f6 24. Qe2 a5 25. Bb5 Qc7 26. Ba4 Kh7 27. Bb3 Qd7 28. Bxe5 dxe5 29. Rd3 Qc6 30. Rfd1 Rc7 31. a4 bxa3 32.
bxa3 a4 33. Ba2 Rb8+ 34. Ka1 Bc5 35. c3 Bxa3 36. Rb1 Rxb1+ 37. Bxb1 Rb7 38. Ba2 Bb2+ 39. Qxb2 Rxb2 40. Kxb2 Qb5+ 41. Kc2 a3 42. Bb3 Qc6 43. Rd8 Qxe4+ 44. Kc1 Qe1+ 45. Bd1 Qxc3+ 46. Bc2+ Kg7 47. Rd7+ Kf8 48. h6 a2 49. Ra7 a1=Q+ 50. Rxa1 Qxa1+ 51. Kd2 Qd4+ 52. Bd3 Qxg4 53. h7 Qh4 54. Ke2 Qh2+ 55. Kf3 Kg7 56. Bf1 f5 57. Bg2 e4+ 58. Kf2 Kxh7 59.
Kf1 e3 60. Bf3 Qf2# 0-1

[Event "Early-Titled-Tuesday-Blitz-February-27-2024"]
[Site "Chess.com"]
[Date "2024.02.27"]
[Round "9"]
[White "kai_nov"]
[Black "PawnEatingZombie"]
[Result "0-1"]
[WhiteElo "2319"]
[BlackElo "2180"]
[TimeControl "180+1"]
[EndTime "9:46:06 PST"]
[Termination "PawnEatingZombie won by checkmate"]

1. e4 d6 2. d4 Nf6 3. Nc3 e5 4. dxe5 dxe5 5. Qxd8+ Kxd8 6. Bc4 Be6 7. Bxe6 fxe6 8.
Nf3 Bd6 9. Ng5 Ke7 10. Be3 Nc6 11. O-O-O a6 12. Nf3 Rhb8 13. a3 b5 14. b4 a5 15.
bxa5 Rxa5 16. Nb1 Nxe4 17. Ng5 Nxg5 18. Bxg5+ Kf7 19. Rhe1 h6 20. Be3 b4 21. axb4 Nxb4 22.
Nc3 Nc6 23. Kd2 Bb4 24. Rb1 Rd8+ 25. Ke2 Bxc3 26. Red1 Rxd1 27. Rxd1 Nd4+ 28. Bxd4 exd4 29. Rb1 Ra2 30. Kd3 Kf6 31. Rb7 c5 32. f4 Ra1 33. g4 Rf1 34. Ke4 Re1+ 35. Kf3 Re3+ 36. Kf2 Be1+ 37. Kg2 Bb4 38. h4 Re2+ 39. Kf3 Rxc2 40.
g5+ hxg5 41. fxg5+ Kg6 42. Kg4 Rg2+ 43. Kh3 Rg1 44. Kh2 Rxg5 45. hxg5 Kxg5 46. Rxg7+ Kf4 47.
Rf7+ Ke3 48. Re7 d3 49. Rxe6+ Kd2 50. Kg2 Kc2 51. Ra6 d2 52. Ra2+ Kb1 53. Rxd2 Bxd2 54. Kf3 c4 55. Ke4 c3 56. Kd4 c2 57. Kd3 c1=Q 58.
Kd4 Qc3+ 59. Kd5 Qb4 60. Ke6 Qc5 61. Kf7 Qd6 62. Kg7 Qe6 63. Kf8 Qd7 64. Kg8 Kc2 65.
Kf8 Kd3 66. Kg8 Ke4 67. Kh8 Kf5 68. Kg8 Kg6 69. Kh8 Qg7# 0-1

[Event "Early-Titled-Tuesday-Blitz-February-27-2024"]
[Site "Chess.com"]
[Date "2024.02.27"]
[Round "9"]
[White "SirStrateg"]
[Black "xamax2000"]
[Result "1/2-1/2"]
[WhiteElo "2686"]
[BlackElo "2831"]
[TimeControl "180+1"]
[EndTime "9:46:07 PST"]
[Termination "Game drawn - insufficient material"]

1. d4 d5 2. Bf4 c5 3. e3 cxd4 4. exd4 Nc6 5. c3 f6 6. Bd3 e5 7. dxe5 fxe5 8. Bg3 Nf6 9. Nd2 Bc5 10. Ne2 O-O 11.
O-O Bg4 12. h3 Bh5 13. Bb5 e4 14. Nb3 Bb6 15. Qd2 a6 16. Bxc6 bxc6 17. Nbd4 Qd7 18.
b4 a5 19. a3 Bf7 20. Nf4 Ne8 21. Nfe2 Nd6 22. Bxd6 Qxd6 23. Qf4 Qd7 24. Qg4 Qxg4 25. hxg4 Rfc8 26. Nf5 Kf8 27. Ned4 Rc7 28. Ne3 g6 29. Rab1 Ke7 30. Rb3 Kd6 31. Rfb1 Be8 32. Kf1 Bd7 33.
Ke2 Rca7 34. R3b2 axb4 35. axb4 Ra3 36. Rc2 Ra1 37. Rxa1 Rxa1 38. Rd2 Ke5 39. b5 c5 40. Nb3 Bxb5+ 41. c4 Ra3 42. Rxd5+ Ke6 43. Nxc5+ Bxc5 44. Rxc5 Bd7 45. g5 Ra2+ 46. Ke1 Rb2 47. Ra5 Bc6 48. Ra7 Ke5 49. Rxh7 Kd4 50. Rc7 Rb1+ 51. Kd2 Kc5 52.
Rg7 Rb2+ 53. Ke1 Rb1+ 54. Ke2 Rb2+ 55. Ke1 Rb1+ 56. Kd2 Rb2+ 57. Kc3 Rxf2 58. Rxg6 Re2 59. Nc2 Rxg2 60. Rf6 Rg3+ 61. Kd2 Rxg5 62. Ne3 Rh5 63. Rf5+ Rxf5 64. Nxf5 Kxc4 65. Ke3 Kd5 66. Ng3 Ke5 67. Nxe4 1/2-1/2

[Event "Early-Titled-Tuesday-Blitz-February-27-2024"]
[Site "Chess.com"]
[Date "2024.02.27"]
[Round "9"]
[White "PavelChernomordik"]
[Black "tylityli"]
[Result "0-1"]
[WhiteElo "2387"]
[BlackElo "2299"]
[TimeControl "180+1"]
[EndTime "9:46:08 PST"]
[Termination "tylityli won on time"]

1. e4 e5 2. Nf3 Nc6 3. Bb5 a6 4. Ba4 Nf6 5. Nc3 d6 6. h3 g6 7. O-O Bg7 8. d4 b5 9. dxe5 Nxe5 10. Bb3 O-O 11. Bf4 Ned7 12. Re1 Bb7 13. a3 Nc5 14. e5 dxe5 15. Bxe5 Nxb3 16. cxb3 Qxd1 17. Rexd1 Bxf3 18. gxf3 c5 19. Rac1 Rfd8 20. Kf1 Nh5 21. Bxg7 Nxg7 22.
Ne4 Rxd1+ 23. Rxd1 Ne6 24. Rd7 Nd4 25. Nxc5 Nxf3 26. b4 a5 27. Rb7 axb4 28. axb4 Ra2 29. Nd3 Nd4 30. Rd7 Ne6 31. Rd5 Ra1+ 32. Kg2 Rd1 33.
Kf3 Kg7 34. Ke2 Rh1 35. Rxb5 Nd4+ 36. Ke3 Nxb5 37. Ke4 Rxh3 38. f3 Rh4+ 39. f4 Nd6+ 40. Kd5 Nb7 41. b5 Rh5+ 42. Kc6 Na5+ 43. Kb6 Nc4+ 44. Ka6 Rf5 45. b6 Nxb6 46. Kxb6 h5 47. b4 h4 48. b5 h3 49. Nf2 h2 50. Kc6 Rxf4 51. Nh1 Rf1 52. Ng3 h1=Q+ 53. Nxh1 Rxh1 54. b6 Rb1 55. b7 g5 0-1

[Event "Early-Titled-Tuesday-Blitz-February-27-2024"]
[Site "Chess.com"]
[Date "2024.02.27"]
[Round "9"]
[White "Natalya_Buksa"]
[Black "Gabrielian_Artur"]
[Result "1-0"]
[WhiteElo "2624"]
[BlackElo "2775"]
[TimeControl "180+1"]
[EndTime "9:46:11 PST"]
[Termination "Natalya_Buksa won on time"]

1. d4 Nf6 2. Nc3 d5 3. Bf4 e6 4.
Nb5 Na6 5. e3 Be7 6. Nf3 O-O 7.
Bd3 c6 8. Nc3 Nb4 9. O-O c5 10.
Be2 cxd4 11. exd4 Bd7 12. a3 Nc6 13. Bd3 Rc8 14. Re1 Qb6 15. Rb1 Rfd8 16. h3 a6 17. g4 Be8 18. g5 Ne4 19. Nxe4 dxe4 20. Rxe4 g6 21. Be3 Qc7 22. c3 Rd5 23. h4 b5 24. Qe2 Bd6 25. Rg4 Ne7 26. Be4 Bc6 27.
Qc2 Nf5 28. h5 Kg7 29. h6+ Kg8 30. Bd2 Bb7 31. Qd3 a5 32. b3 Bxa3 33. c4 Rdd8 34. Bxb7 Qxb7 35. Bxa5 Rd6 36. b4 bxc4 37. Qxa3 c3 38.
Rf4 e5 39. dxe5 Rd3 40. Ne1 Rh3 41. Ng2 c2 42. Qc1 cxb1=Q 43. Qxb1 Rhc3 44. Kh2 Rc1 45. Qd3 R1c3 46. Qd2 Qc6 47. b5 Qc5 48. Bxc3 Qxc3 49. Qxc3 Rxc3 50. Rb4 Rc8 51. b6 Kf8 52. b7 Rb8 53. Nf4 Ke7 54. Nd5+ Kd7 55. Nf6+ Kc6 56. Nxh7 Kc5 57. Rb1 Nd4 58. Kg3 Kd5 59. f4 Ke4 60. Nf6+ Kf5 61. h7 Ne2+ 62. Kf3 Nxf4 63. Ng8 1-0

[Event "Early-Titled-Tuesday-Blitz-February-27-2024"]
[Site "Chess.com"]
[Date "2024.02.27"]
[Round "9"]
[White "MasterKroket"]
[Black "Skatchkov_V"]
[Result "0-1"]
[WhiteElo "2485"]
[BlackElo "2669"]
[TimeControl "180+1"]
[EndTime "9:46:13 PST"]
[Termination "Skatchkov_V won by resignation"]

1. e4 e5 2. Nf3 d5 3. exd5 e4 4.
Qe2 Nf6 5. Nc3 Be7 6. Nxe4 Nxd5 7. d4 O-O 8. c4 Nb4 9. a3 Re8 10. axb4 Bxb4+ 11. Bd2 Bxd2+ 12. Kxd2 Bf5 13. Kc3 Nc6 14. Rd1 Rxe4 15. Qd2 Qe7 16. Kb3 b5 17. cxb5 Be6+ 18. d5 Rb4+ 19. Ka2 Rd8 20. bxc6 Rxd5 21. Qxd5 Ra4+ 22. Kb1 Bxd5 23. Rxd5 Qe4+ 24. Rd3 Rd4 25. Kc2 Qxc6+ 26. Kd2 Rxd3+ 27. Bxd3 Qb6 28. Re1 Qxb2+ 29. Bc2 g6 30. Ne5 Qd4+ 31. Nd3 c5 32. Ke2 c4 33. Nc1 Qb2 34. Kd1 c3 35. Re8+ Kg7 36. Rc8 a5 37. Ne2 Qa1+ 38. Nc1 a4 39. Rc4 a3 40. Ra4 Qb2 41. g4 h6 42. h4 Qb5 43.
Ke1 Qe5+ 44. Kd1 Qh2 45. Nd3 Qxh4 46. Rxa3 Qh1+ 47. Ke2 Qe4+ 48. Kd1 Qd4 49. Ra4 Qd6 50. Rc4 Qf6 51. Ke2 Qe6+ 52. Kf1 Qxc4 53. Ke2 Qd4 54. f3 h5 55. gxh5 gxh5 56. Kf1 h4 57. Ke2 h3 0-1

[Event "Early-Titled-Tuesday-Blitz-February-27-2024"]
[Site "Chess.com"]
[Date "2024.02.27"]
[Round "9"]
[White "Felix-Rose"]
[Black "Alexchess1984"]
[Result "0-1"]
[WhiteElo "2268"]
[BlackElo "2714"]
[TimeControl "180+1"]
[EndTime "9:46:13 PST"]
[Termination "Alexchess1984 won by checkmate"]

1. Nf3 g6 2. c4 Bg7 3. e3 Nf6 4. Be2 O-O 5. Nc3 b6 6. d4 Bb7 7. b3 d6 8. Bb2 Nbd7 9. O-O e5 10. Qc2 Qe7 11. Rfd1 Rfe8 12. Rac1 e4 13. Nd2 h5 14. d5 a5 15. a4 Nc5 16. Ba3 h4 17. h3 Bc8 18.
Bxc5 dxc5 19. Re1 Bf5 20. Nb5 Nh7 21. Rcd1 Ng5 22. Bf1 Be5 23. Nb1 Bd7 24. N1c3 Bf5 25. Kh1 Qd7 26. Qe2 Nxh3 27. gxh3 Bxh3 28. f4 exf3 29.
Qxf3 Bg4 30. Qg2 h3 31. Qg1 Qf5 32. Be2 Bxe2 33. Rxe2 Qf3+ 34. Rg2 hxg2+ 35. Qxg2 Qxg2+ 36. Kxg2 Bxc3 37. Nxc3 Rxe3 38. Nb5 Rc8 39. Rb1 Re7 40. Kf3 Rd7 41. Re1 Kf8 42. Rh1 Kg7 43. Re1 Kf6 44.
Kf4 Re7 45. Rf1 Rce8 46. d6 cxd6 47. Nxd6 Rd8 48. Ne4+ Kg7 49. Nc3 Rd4+ 50. Kg3 Rd3+ 51. Rf3 Ree3 52. Rxe3 Rxe3+ 53. Kf4 Rxc3 54. Kg5 Rxb3 55.
Kg4 Rb4 56. Kg5 Rxa4 57. Kg4 Rxc4+ 58. Kg5 f6# 0-1

[Event "Early-Titled-Tuesday-Blitz-February-27-2024"]
[Site "Chess.com"]
[Date "2024.02.27"]
[Round "9"]
[White "Fluffey"]
[Black "Yurovskykh_Oleksandr"]
[Result "0-1"]
[WhiteElo "2518"]
[BlackElo "2685"]
[TimeControl "180+1"]
[EndTime "9:46:14 PST"]
[Termination "Yurovskykh_Oleksandr won by checkmate"]

1. d4 d5 2. Bf4 c5 3. e3 Nc6 4. Nf3 Nf6 5. Nbd2 cxd4 6. exd4 Bf5 7. Bb5 Qb6 8. c4 a6 9. Bxc6+ bxc6 10. c5 Qb5 11.
Ne5 Nd7 12. Nxd7 Kxd7 13. Nb3 e6 14. Bd2 a5 15. a4 Qc4 16. Bc3 Be7 17. Nxa5 Qa6 18.
b4 Rhb8 19. Qe2 Bd3 20. Qg4 Bg6 21. Qe2 Bd3 22. Qe3 Bg6 23. Kd2 Ra7 24. h4 h5 25.
g3 Bd8 26. Nb3 Qc4 27. Nc1 Rxb4 28. Bxb4 Qxb4+ 29. Qc3 Qb8 30. Nb3 Rb7 31. Rhb1 Bxb1 32. Rxb1 Qa8 33. a5 Rb5 34. Ra1 Kc8 35. f4 g6 36. Ke3 Qb8 37. Ra3 Qb7 38. a6 Qa7 39. Nc1 Bc7 40. Nd3 Kb8 41. Nb4 Qa8 42. a7+ Kc8 43.
Ra6 Ra5 44. Qa3 Rxa3+ 45. Rxa3 Kb7 46. Nd3 Qxa7 47. Rxa7+ Kxa7 48. Ne5 Bxe5 49. fxe5 Ka6 50. Kf4 Kb5 51. Kg5 Kc4 52. Kf6 Kxd4 53. Kxf7 Kxe5 54. Kxg6 d4 55. Kxh5 d3 56. g4 d2 57. g5 d1=Q+ 58.
Kh6 Qg4 59. h5 Kf5 60. g6 Qg5+ 61. Kg7 Qxh5 62. Kf8 Qxg6 63. Ke7 Qg7+ 64. Kd6 Qd4+ 65. Kxc6 Qxc5+ 66. Kxc5 e5 67. Kc4 Kf4 68. Kc3 Kf3 69. Kd2 e4 70. Ke1 Ke3 71. Kd1 Kf2 72. Kd2 e3+ 73.
Kd3 e2 74. Kc2 e1=Q 75. Kb2 Qe3 76. Kc2 Kf3 77. Kb2 Ke4 78. Kc2 Kd4 79. Kb2 Qc3+ 80.
Kb1 Qd2 81. Ka1 Kc3 82. Kb1 Qb2# 0-1

[Event "Early-Titled-Tuesday-Blitz-February-27-2024"]
[Site "Chess.com"]
[Date "2024.02.27"]
[Round "9"]
[White "Polish_fighter3000"]
[Black "PLAYER_2006_M"]
[Result "0-1"]
[WhiteElo "3075"]
[BlackElo "3029"]
[TimeControl "180+1"]
[EndTime "9:46:16 PST"]
[Termination "PLAYER_2006_M won by resignation"]

1. d4 Nf6 2. Bg5 d5 3. e3 c5 4. c3 Qb6 5. Qb3 Nc6 6. Nd2 e6 7. Ngf3 Be7 8. Be2 h6 9. Bh4 O-O 10. O-O Qxb3 11. axb3 b6 12. Ne5 Bb7 13. Ba6 Nd8 14.
Bxb7 Nxb7 15. Nc6 Bd6 16. Bxf6 gxf6 17. Nxa7 cxd4 18. cxd4 Bb4 19. Nf3 Na5 20. Ra4 Be7 21. b4 Rxa7 22. Rfa1 Rc8 23. bxa5 Rxa5 24. Rxa5 bxa5 25. Ne1 Bb4 26. Nd3 Rc2 27. Rd1 Kf8 28. g4 Ke7 29. Kg2 Kd6 30. Kg3 e5 31. dxe5+ fxe5 32. Ra1 e4 33. Nxb4 axb4 34. b3 Rb2 35. Ra6+ Kc5 36. Rxh6 Rxb3 37. Kg2 Ra3 38. Rh8 Ra6 39. Rc8+ Rc6 40. Rb8 Rb6 41. Rc8+ Kd6 42. Rc1 b3 43. h4 Ke5 44. Kf1 b2 45. Rb1 f5 46. g5 f4 47. Ke2 d4 48. Kd2 dxe3+ 49. fxe3 f3 50. h5 Kf5 51. g6 Kf6 52. Ke1 Rb8 53. Kf2 Rb5 54. Kg3 Kg7 55. Kg4 f2 56. Kh4 f1=Q 57. Rxf1 b1=Q 58. Rxb1 Rxb1 59. Kg5 Rg1+ 60. Kf5 Kh6 61.
Kxe4 Kxh5 62. Kf5 Rg5+ 63. Kf6 Rxg6+ 64. Kf5 Rg5+ 65. Kf6 Kg4 0-1

[Event "Early-Titled-Tuesday-Blitz-February-27-2024"]
[Site "Chess.com"]
[Date "2024.02.27"]
[Round "9"]
[White "EvgenyBurmakin"]
[Black "toninhojit"]
[Result "0-1"]
[WhiteElo "2337"]
[BlackElo "2461"]
[TimeControl "180+1"]
[EndTime "9:46:19 PST"]
[Termination "toninhojit won on time"]

1. e4 c5 2. Nc3 a6 3. Nf3 e6 4. d4 cxd4 5. Nxd4 Qc7 6. a3 b5 7. f4 d6 8. g4 Bb7 9. Bg2 Nf6 10. g5 Nfd7 11. Be3 Be7 12. O-O Nb6 13. Nce2 Nc4 14. Bc1 O-O 15. b3 Nb6 16. Bb2 Nc6 17.
Qd2 Rfe8 18. f5 Bf8 19. g6 e5 20. gxf7+ Qxf7 21. Ne6 Nd8 22. Ng5 Qf6 23. Qe3 Nd7 24.
Ng3 Be7 25. h4 Qh6 26. Rae1 Nf6 27. Ne6 Qxe3+ 28. Rxe3 Nxe6 29. fxe6 g6 30. Rd3 Rac8 31. Rf2 Ng4 32. Rfd2 Bxh4 33. Nf1 Be7 34. Nh2 Nxh2 35.
Kxh2 Rf8 36. Re2 Rf6 37. Bc1 Rff8 38. Bh6 Rfe8 39. Rf2 Rcd8 40. Rf7 Bc8 41. Rg7+ Kh8 42. Bh3 Bf8 43. e7 Rxe7 44. Rxe7 Bxe7 45. Bxc8 Rxc8 46. Rf3 Kg8 47. Kg2 Rxc2+ 48. Kh3 Rc8 49. Kg4 Bf8 50. Bg5 Rc7 51. Bd2 Kg7 52. Rd3 Be7 53. Ba5 Rc8 54. Kf3 h5 55. Kg3 g5 56. Bd2 Kg6 57. Rf3 Rf8 58.
Rc3 h4+ 59. Kh3 Rf1 60. Kg4 Rg1+ 61. Kh3 Rd1 62. Be3 Re1 63. Bb6 Rxe4 64. Rc7 Kf7 65. Rb7 Ke6 66. Ra7 Rf4 67. Rxa6 Rf3+ 0-1

[Event "Early-Titled-Tuesday-Blitz-February-27-2024"]
[Site "Chess.com"]
[Date "2024.02.27"]
[Round "9"]
[White "Hovik_Hayrapetyan"]
[Black "Maikrosoft63"]
[Result "0-1"]
[WhiteElo "2855"]
[BlackElo "2627"]
[TimeControl "180+1"]
[EndTime "9:46:20 PST"]
[Termination "Maikrosoft63 won on time"]

1. d4 Nf6 2. c4 e6 3. Nc3 Bb4 4. e3 Bxc3+ 5. bxc3 c5 6. Bd3 d6 7. Ne2 Nc6 8. e4 e5 9. Be3 Ng4 10. Bd2 cxd4 11. cxd4 exd4 12. O-O O-O 13. Bf4 Nge5 14. Bb1 Be6 15. Nxd4 Nxd4 16. Qxd4 Nxc4 17. Rd1 Qa5 18. Bd3 Ne5 19. Qxd6 Nxd3 20. Qxd3 Rad8 21. Qg3 Qa4 22.
Re1 Rd7 23. h4 Rfd8 24. Be5 f5 25. exf5 Bxf5 26. h5 Qg4 27. Qb3+ Be6 28. Qe3 Bd5 29. Bg3 Qxh5 30. Qxa7 h6 31. Re5 Qf7 32. Qb6 Bc6 33.
Rae1 Rd1 34. Kh2 Kh7 35. Qb4 R8d4 36. Qe7 Qxe7 37. Rxe7 Rxe1 38. Rxe1 Kg6 39. Re7 Rd7 40. Re3 Kf5 41. f3 Rd2 42. a3 g5 43. Rc3 h5 44.
Be1 Re2 45. Bg3 g4 46. Kg1 gxf3 47. gxf3 Ra2 48. Bf2 Kf4 49. Kg2 Bd5 50. Rd3 Bc6 51. Rd4+ Kf5 52. Rd3 Kf4 53. Rd4+ Kf5 54. Rh4 Rxa3 55.
Rxh5+ Kg6 56. Rh3 b5 57. Rg3+ Kf5 58. Bd4 b4 59. Kf2 b3 60. Rg1 b2 61. Bxb2 Rxf3+ 62. Ke2 Rb3 63. Bc1 Bb5+ 64. Kd1 Rh3 0-1

[Event "Early-Titled-Tuesday-Blitz-February-27-2024"]
[Site "Chess.com"]
[Date "2024.02.27"]
[Round "9"]
[White "gpsji27"]
[Black "campochess"]
[Result "0-1"]
[WhiteElo "2338"]
[BlackElo "2208"]
[TimeControl "180+1"]
[EndTime "9:46:20 PST"]
[Termination "campochess won by resignation"]

1. d4 Nf6 2. Nf3 g6 3. Nc3 d5 4.
Bf4 c6 5. e3 Nbd7 6. Be2 Nh5 7.
Bg3 Bg7 8. Nd2 Nxg3 9. hxg3 e5 10. dxe5 Nxe5 11. Nf3 Ng4 12. Qd2 Qa5 13. Nd4 Nf6 14. a3 Qc7 15. O-O-O Bd7 16. Bf3 O-O-O 17. Nb3 h5 18. Nc5 Bg4 19. Bxg4+ Nxg4 20. Nd3 d4 21.
exd4 Rxd4 22. Kb1 Rhd8 23. f3 Ne5 24. Ne2 R4d7 25. Qe3 Nc4 26. Qf4 Qxf4 27. Nexf4 Ne5 28. Kc1 Nxd3+ 29. Nxd3 Re7 30. Rde1 Rde8 31. Rxe7 Rxe7 32. Kd2 Kc7 33. f4 Rd7 34. Kc1 f6 35. Re1 Bf8 36. Re6 Be7 37. Nf2 Kd8 38. Ne4 f5 39. Nf6 Rd6 40.
Rxd6+ Bxd6 41. Nh7 Ke7 42. Ng5 h4 43. Kd2 hxg3 44. Ke3 Bc5+ 45. Kf3 Bd4 46. c3 Bf6 47. Nh3 Ke6 48. Kxg3 Kd5 49. Nf2 Kc4 50. Nd1 Kd3 51.
Kf2 Kd2 52. Ne3 Be7 53. Nc4+ Kc2 54. Na5 Kxb2 55. Nxb7 Kxc3 56. Na5 c5 57. Nc6 Bd6 58. Nxa7 Bxf4 59. Kf3 Bc1 60. Nb5+ Kc4 61. a4 Kb4 62. Nc7 c4 63. Nd5+ Kxa4 64. g4 fxg4+ 65. Kxg4 Kb3 66. Kf3 c3 67. Ke2 c2 68. Nc7 Bh6 0-1

[Event "Early-Titled-Tuesday-Blitz-February-27-2024"]
[Site "Chess.com"]
[Date "2024.02.27"]
[Round "9"]
[White "HajiyevKanan"]
[Black "Kimkibo"]
[Result "0-1"]
[WhiteElo "2516"]
[BlackElo "2220"]
[TimeControl "180+1"]
[EndTime "9:46:25 PST"]
[Termination "Kimkibo won by resignation"]

1. d4 d5 2. c4 e6 3. cxd5 exd5 4.
Nc3 Nf6 5. Qc2 Nc6 6. Nf3 Bg4 7. Ne5 Nxd4 8. Qa4+ Nc6 9. Nxg4 d4 10. Nxf6+ Qxf6 11. Ne4 Qe5 12. Nd2 O-O-O 13. Nf3 Qe4 14. Bg5 f6 15.
Bd2 Bc5 16. O-O-O Rhe8 17. g3 Kb8 18. h4 a6 19. h5 h6 20. Rh4 Qf5 21. Rf4 Qxh5 22.
Re1 d3 23. Rh4 Qf5 24. Qf4 Qd5 25. Qc4 Qxc4+ 26. Rxc4 Bxf2 27. Rd1 dxe2 28. Bxe2 Rxe2 29. Bf4 Rxd1+ 30. Kxd1 Rxb2 31. a4 g5 32. Bd2 Bxg3 33. Kc1 Ra2 34. Bc3 Rf2 35. Nd2 Bf4 36. Kc2 Bxd2 37.
Bxd2 h5 38. Kd3 h4 39. Ke3 Rg2 40. Rc5 h3 41. Rc1 h2 42. Rh1 Ne5 43. Bc3 Ra2 44.
a5 Ng4+ 45. Kf3 Ne5+ 46. Ke4 g4 47. Be1 Nf3 48. Bg3 Rg2 49. Kf4 Rg1 50. Rxh2 Nxh2 51. Bxh2 Ra1 52. Kxg4 Rxa5 53. Bf4 Rb5 54. Kf3 a5 55.
Bh6 a4 56. Bf8 a3 57. Bxa3 Rb3+ 58. Ke4 Rxa3 59. Kd5 Ra6 60. Kc5 Rd6 61. Kb5 f5 62. Kc5 f4 0-1

[Event "Early-Titled-Tuesday-Blitz-February-27-2024"]
[Site "Chess.com"]
[Date "2024.02.27"]
[Round "9"]
[White "karinachess1"]
[Black "Aisen1011"]
[Result "1-0"]
[WhiteElo "2615"]
[BlackElo "2467"]
[TimeControl "180+1"]
[EndTime "9:46:25 PST"]
[Termination "karinachess1 won on time"]

1. d4 d5 2. c4 c6 3. Nf3 Nf6 4. g3 Bf5 5. Qb3 Qb6 6. Nc3 e6 7. c5 Qxb3 8. axb3 Be7 9. Bf4 Na6 10. Rxa6 bxa6 11. e3 Nh5 12. Bc7 Kd7 13. Ba5 f6 14. Bxa6 Rab8 15. Nd2 g5 16. f3 Bg6 17. Kf2 Ng7 18. b4 Bd8 19. Bxd8 Rhxd8 20. b5 Be8 21. Ra1 Kc7 22. Ra5 cxb5 23. Bxb5 Rb7 24. Bxe8 Nxe8 25. Nb5+ Kb8 26. c6 Rb6 27. Nxa7 Kc7 28. Ra2 Nd6 29. b3 Rdb8 30. e4 Nb5 31. Nxb5+ Rxb5 32. Ra7+ Kxc6 33. Rxh7 Ra5 34. Rf7 Ra2 35. Ke3 Kd6 36.
Rxf6 dxe4 37. fxe4 Rh8 38. Rf2 Ke7 39. d5 exd5 40.
exd5 Rc8 41. Kd4 Rcc2 42. Kd3 Kd7 43. h4 gxh4 44. gxh4 Rc8 45. Rh2 Rh8 46. h5 Ra6 47. Ne4 Rah6 48. Kd4 Ke7 49. d6+ Kd7 50. b4 Rb8 51.
Rb2 Ke6 52. b5 Rxh5 53. b6 Rh4 54. b7 Kf5 55. Rf2+ Ke6 56. Rf6+ Kd7 57. Kd5 Rxe4 58. Kxe4 Rxb7 59. Rf7+ Kc6 60. Rxb7 Kxb7 61. Ke5 Kc8 62.
Ke6 Kd8 63. d7 1-0

[Event "Early-Titled-Tuesday-Blitz-February-27-2024"]
[Site "Chess.com"]
[Date "2024.02.27"]
[Round "9"]
[White "Cheer_Down"]
[Black "GlavkonVVS"]
[Result "1/2-1/2"]
[WhiteElo "2478"]
[BlackElo "2529"]
[TimeControl "180+1"]
[EndTime "9:46:29 PST"]
[Termination "Game drawn - insufficient material"]

1. e4 Nf6 2. e5 Nd5 3. c4 Nb6 4. d4 d6 5. f4 dxe5 6. fxe5 c5 7.
d5 g6 8. Nc3 Bg7 9. Bf4 O-O 10.
Qd2 e6 11. d6 Nc6 12. Nf3 Nd7 13. Qe3 Nd4 14. Nxd4 cxd4 15. Qxd4 Qa5 16. c5 Nxc5 17. b4 Nb3 18. bxa5 Nxd4 19. Rd1 Nc2+ 20. Kf2 Bd7 21. Bd3 Nb4 22. Be4 Bc6 23. Rhe1 f6 24.
Kg1 fxe5 25. Bg5 Bf6 26. Bxf6 Rxf6 27. Bxc6 Nxc6 28. Ne4 Rff8 29. a6 bxa6 30. Nc5 Rfe8 31. d7 Re7 32. Rd6 Nd8 33. Nxa6 Nf7 34. Rd2 Rd8 35. Red1 e4 36. Nc5 e3 37. Re2 Nh6 38. Rxe3 Kf7 39. Ra3 Nf5 40. Rxa7 e5 41. g4 Nd4 42. Rf1+ Kg7 43. g5 h6 44. h4 Nf5 45. h5 hxg5 46. hxg6 Kxg6 47. Ra6+ Kh5 48. Rxf5 e4 49. Rd5 e3 50. Kf1 e2+ 51. Ke1 Rf8 52. Rxg5+ Kxg5 53. Ne6+ Rxe6 54. Rxe6 Rd8 55. Re7 Kf6 56.
Rh7 Kg6 57. Re7 Kf6 58. Rxe2 Rxd7 59. a4 Ra7 60. Ra2 Ke5 61. Kd2 Kd4 62. Kc2 Kc4 63.
Kb2 Kb4 64. Kc2 Rh7 65. Rb2+ Kxa4 66. Rb8 Rc7+ 67. Kd3 Ka5 68. Kd4 Ka6 69. Kd5 Rb7 70.
Rxb7 Kxb7 1/2-1/2

[Event "Early-Titled-Tuesday-Blitz-February-27-2024"]
[Site "Chess.com"]
[Date "2024.02.27"]
[Round "9"]
[White "GHANDEEVAM2003"]
[Black "HansOnTwitch"]
[Result "1/2-1/2"]
[WhiteElo "3048"]
[BlackElo "3157"]
[TimeControl "180+1"]
[EndTime "9:46:31 PST"]
[Termination "Game drawn by repetition"]

1. a3 e5 2. c4 d6 3. Nc3 f5 4.
b4 Nf6 5. g3 Be7 6. Bg2 O-O 7. d3 c6 8. Nf3 Kh8 9. O-O Be6 10. b5 Qc7 11. Rb1 Nbd7 12. a4 d5 13. bxc6 bxc6 14. cxd5 cxd5 15. Nb5 Qd8 16. d4 e4 17. Ne5 Nxe5 18. dxe5 Ng4 19. Nd4 Qd7 20. f4 Bc5 21. h3 Nh6 22. Be3 Rfc8 23. Qd2 Bxd4 24.
Bxd4 Qxa4 25. Ra1 Qd7 26. Ra6 Rc6 27. Rfa1 Rxa6 28. Rxa6 Nf7 29. Qa5 h5 30. e3 Kh7 31.
Bf1 h4 32. gxh4 Nd8 33. Rxa7 Rxa7 34. Qxa7 Qe8 35. Kh2 Bg8 36. Qa8 Qd7 37. Qa7 Qe8 38. e6 Nxe6 39. Be5 Qh5 40. Bg2 Qxh4 41. Qb6 Qf2 42.
Qa7 Kh6 43. Qa8 Kh7 44. Qa7 Qd2 45. Kg3 Kg6 46. Qb6 Bf7 47. Kh2 Qf2 48. Qa7 d4 49. Bxd4 Nxd4 50. Qxd4 Kh7 51. Qc5 Bg6 52. Qd4 Bh5 53.
Qc5 Bg6 54. Qd4 Qh4 55. Qc5 Qf6 56. Qc1 Bh5 57. Qe1 Qh6 58. Qg3 Qf6 59. Qf2 g6 60. Qd2 Kh6 61. Bf1 g5 62. Qf2 g4 63.
hxg4 Bxg4 64. Bh3 Bxh3 65. Kxh3 Qg6 66. Qh4+ Qh5 67. Kg3 Qxh4+ 68. Kxh4 Kg6 69. Kh3 Kh5 70. Kg3 Kh6 71. Kh4 Kg6 72. Kh3 Kh5 73. Kg3 Kh6 74. Kh4 1/2-1/2